 Dungeon Crawl Stone Soup version 0.19.0-2-gae57169 (webtiles) character file.

97 Querens the Shield-Bearer (level 4, 0/29 HPs)
             Began as a Gargoyle Fighter on Nov 3, 2016.
             Killed by divine providence
             ... invoked by an orc priest
              (12 damage)
             ... on level 3 of the Dungeon.
             The game lasted 00:07:58 (1619 turns).

Querens the Shield-Bearer (Gargoyle Fighter)        Turns: 1619, Time: 00:08:01

Health: 0/29       AC: 11    Str: 21    XL:     4   Next: 68%
Magic:  4/4        EV:  7    Int:  8    God:
Gold:   126        SH:  9    Dex:  9    Spells: 0 memorised, 3 levels left

rFire  . . .     SeeInvis .     a - +0 flail
rCold  . . .     Gourm    .     b - +0 scale mail
rNeg   + . .     Faith    .     c - +0 shield
rPois  ∞         Spirit   .     (no helmet)
rElec  +         Reflect  .     (no cloak)
rCorr  .         Harm     .     t - +0 pair of gloves
MR     .....                    (no boots)
Stlth  ..........               (no amulet)
                                (no ring)
                                (no ring)

@: no status effects
A: negative energy resistance 1, electricity resistance, unbreathing,
petrification resistance, rot immunity, AC +3
a: no special abilities


You were on level 3 of the Dungeon.
You were very hungry.

You visited 1 branch of the dungeon, and saw 3 of its levels.

You collected 126 gold pieces.

Inventory:

Hand Weapons
 a - a +0 flail (weapon)
Armour
 b - a +0 scale mail (worn)
 c - a +0 shield (worn)
 t - a +0 pair of gloves (worn)
Jewellery
 k - an uncursed amulet of harm {unknown}
Scrolls
 e - a scroll of enchant weapon {unknown}
 g - 2 scrolls of noise {unknown}
 l - a scroll of amnesia {unknown}
 m - 3 scrolls of identify {unknown}
 o - 2 scrolls of teleportation {unknown}
 p - a scroll of recharging {unknown}
 q - a scroll of remove curse {unknown}
 s - a scroll of blinking {unknown}
Potions
 d - 2 potions of might
 h - a potion of resistance {unknown}
 j - a potion of agility
 n - 4 potions of berserk rage {unknown}
Comestibles
 f - a bread ration
 i - 3 beef jerkies


   Skills:
 + Level 3.9 Fighting
 + Level 2.1 Maces & Flails
 * Level 4.3 Armour
 * Level 4.4 Shields


You had 3 spell levels left.
You didn't know any spells.

Dungeon Overview and Level Annotations

Branches:
Dungeon (3/15)

Altars:
Ru


Innate Abilities, Weirdness & Mutations

You are resistant to torment.
Your stone body is resilient. (AC +3)
You are immune to poison.
You resist negative energy. (rN+)
You are resistant to electric shocks. (rElec)
You can survive without breathing.
You are immune to petrification.
You are immune to rotting.


Message History

The orc priest is severely wounded.
The orc hits you but does no damage.
The orc priest looks braver for a moment.
You block the orc's attack. You block the orc priest's attack.
You hit the orc priest but do no damage.
The orc priest is severely wounded.
The orc hits you but does no damage. You block the orc's attack.
The orc priest looks braver for a moment.
The orc barely misses you.
You closely miss the orc priest.
The orc priest is severely wounded.
The orc barely misses you. The orc priest barely misses you.
The orc barely misses you. The orc hits you.
You barely miss the orc priest.
The orc priest is severely wounded.
The orc priest looks satisfied for a moment.
The orc hits you but does no damage. You block the orc's attack.
The orc priest calls down the wrath of Beogh upon you.
Beogh smites you!
You die...

... #.# # # #.####># .#
##.##.#. ... #......
.... # #..##.# .....
###########...#o##......
...............o@o......
#########.......##......
# #.#..#### .....
#.#..... .... #.######
... #.# +# #.# #.#


You could see an orc priest and 2 orcs.

Vanquished Creatures
  4 adders (D:2)
  An ooze (D:1)
  A leopard gecko (D:2)
  An orc (D:3)
  5 bats
  5 giant cockroaches
  9 goblins
  10 hobgoblins
  A quokka (D:2)
  2 ball pythons
  2 frilled lizards
  7 kobolds
  3 rats
51 creatures vanquished.

Notes
Turn   | Place    | Note
-------+----------+-------------------------------------------
     0 | D:1      | Querens the Gargoyle Fighter began the quest for the Orb.
     0 | D:1      | Reached XP level 1. HP: 14/14 MP: 1/1
   182 | D:1      | Reached XP level 2. HP: 19/19 MP: 2/2
   781 | D:1      | Reached XP level 3. HP: 21/23 MP: 3/3
  1021 | D:2      | Reached XP level 4. HP: 13/29 MP: 4/4
  1306 | D:2      | Found a sacrificial altar of Ru.
  1619 | D:3      | Killed from afar by an orc priest

Skill      XL: |  1  2  3 |
---------------+----------+-----
Shields        | 4 |  4.4
Armour         | 4 |  4.3
Fighting       | |  3.9
Maces & Flails | |  2.1

Action                   |  1- 3 |  4- 6 || total
-------------------------+-------+-------++-------
Melee: Flail             |   150 |   119 ||   269
  Eat: Chunk             |       |     2 ||     2
Armor: Scale mail        |    80 |    75 ||   155
Dodge: Dodged            |    43 |    46 ||    89
Block: Shield            |    88 |    84 ||   172
